 Dungeon Crawl Stone Soup version 0.30-a0-12-gd8047c6341 (webtiles) character file.

Game seed: 1313685483292085409

1 spaghetti the Trooper (level 1, -1/18 HPs)
             Began as a Mummy Berserker on Aug 23, 2022.
             Was a Follower of Trog.
             Slain by a frilled lizard (2 damage)
             ... on level 1 of the Dungeon.
             The game lasted 00:00:14 (60 turns).

spaghetti the Trooper (Mummy Berserker)               Turns: 60, Time: 00:00:15

Health: -1/18      AC:  2    Str: 20    XL:     1   Next: 16%
Magic:  1/1        EV: 12    Int:  6    God:    Trog [*.....]
Gold:   0          SH:  0    Dex: 11    Spells: 0/0 levels left

rFire   x . .      SeeInvis .      - Unarmed
rCold   + . .      Faith    .    (no shield)
rNeg    + + +      Spirit   .    a - +0 animal skin
rPois   ∞          Reflect  .    (no helmet)
rElec   .          Harm     .    (no cloak)
rCorr   .          Rampage  .    (no gloves)
Will    .....                    (no boots)
Stlth   +.........               (no amulet)
HPRegen 0.06/turn                (no ring)
MPRegen 0.07/turn                (no ring)

@: no status effects
A: cold resistance 1, negative energy resistance 3, torment resistance 2, heat
vulnerability 1, no potions
a: Renounce Religion


You were on level 1 of the Dungeon.
You worshipped Trog.
Trog was aware of your devotion.
You visited 1 branch of the dungeon, and saw 1 of its levels.


Innate Abilities, Weirdness & Mutations

You are immune to poison.
Your flesh is cold resistant. (rC+)
You are immune to negative energy. (rN+++)
You are immune to unholy pain and torment.
You are vulnerable to heat. (rF-)
You do not drink.


   Skills:
 + Level 3.0 Fighting
 - Level 1.5 Armour
 - Level 1.5 Dodging
 + Level 2.4 Unarmed Combat


You couldn't memorise any spells.
You didn't know any spells.
Your spell library contained the following spells:

 Spells                   Type           Power      Damage    Failure   Level
 Magic Dart               Conj           0%         1d3       45%         1
 Call Imp                 Summ           0%         N/A       58%         2
 Mephitic Cloud           Conj/Pois/Air  0%         N/A       83%         3

Inventory:

Missiles
 c - 4 stones (quivered) {throwing}
Armour
 a - a +0 animal skin (worn)
Jewellery
 d - an amulet of reflection
   (You found it on level 1 of the Dungeon)
Scrolls
 b - a scroll of identify {unknown}

Dungeon Overview and Level Annotations

Branches:
Dungeon (1/15) Zot: 5939

Altars:

......... ....r.S
...≈..... .. #........
........⌠ .##..S....#
.⌠...⌠... .........#
......... ##.......####
........####............
#########.†.............
..........##...glK..#
..##♣♣.♣♣##..#..@w###
♣.♣ ♣..♣...##w..J......
#.# ♣.P♣..........##...
♣.♣ P..♣#####.#....>$ .
#.# P.♣♣ #...#.#... ♣.♣
..♣ ###.#.#.#.. #.# ♣..
###.. # . ..#


You could see 2 dart slugs, an endoplasm, a hobgoblin, a ball python, a kobold
and a frilled lizard.


Message History

A giant cockroach comes into view.
The giant cockroach moves out of view.
No target in view!
No target in view!
A giant cockroach is nearby!
A giant cockroach is nearby!
A giant cockroach is nearby!
A giant cockroach is nearby!
The giant cockroach bites you but does no damage.
The giant cockroach barely misses you.
You closely miss the giant cockroach. The giant cockroach barely misses you.
You hit the giant cockroach.
The giant cockroach completely misses you.
You hit the giant cockroach but do no damage.
The giant cockroach bites you. 😕 HP[-1]
You take 1 damage, and now have 17/18 hp.
You are too injured to fight recklessly!
You are too injured to fight recklessly!
You are too injured to fight recklessly!
You are too injured to fight recklessly!
You are too injured to fight recklessly!
You are too injured to fight recklessly!
You are too injured to fight recklessly!
You are too injured to fight recklessly!
You are too injured to fight recklessly!
You are too injured to fight recklessly!
You are too injured to fight recklessly!
You are too injured to fight recklessly!
You are too injured to fight recklessly!
You are too injured to fight recklessly!
You are too injured to fight recklessly!
You hit the giant cockroach.
The giant cockroach bites you but does no damage.
You hit the giant cockroach.
You kill the giant cockroach!
Trog accepts your kill.
You see here a giant cockroach corpse.
A dart slug comes into view. 😎 HP[+1]
Your hp is fully restored (18).
A dart slug is nearby!
A dart slug is nearby!
A dart slug is nearby!
A hobgoblin and a frilled lizard come into view.
The dart slug launches a dart at you. The slug dart misses you.
Found a stone staircase leading down.
The hobgoblin shouts!
A ball python comes into view.
The dart slug launches a dart at you. The slug dart misses you.
A quokka comes into view.
An endoplasm comes into view.
The endoplasm quivers.
A dart slug comes into view.
A kobold comes into view. It is wielding a +0 dagger.
The dart slug misses you.
You hit the dart slug but do no damage. You hit the dart slug.
The endoplasm hits you. The dart slug bites you. 😕 HP[-3]
You take 3 damage, and now have 15/18 hp.
You are too injured to fight recklessly!
You are too injured to fight recklessly!
You are too injured to fight recklessly!
You are too injured to fight recklessly!
You are too injured to fight recklessly!
You are too injured to fight recklessly!
You are too injured to fight recklessly!
You are too injured to fight recklessly!
You are too injured to fight recklessly!
You are too injured to fight recklessly!
You are too injured to fight recklessly!
You are too injured to fight recklessly!
You are too injured to fight recklessly!
You are too injured to fight recklessly!
You are too injured to fight recklessly!
Unknown command.
You hit the dart slug. The kobold hits you with a +0 dagger.
The frilled lizard bites you but does no damage.
The endoplasm hits you.
The dart slug closely misses you. 😮 HP[-4]
You take 4 damage, and now have 11/18 hp.
MASSIVE DAMAGE!! (PAUSE) Unknown command.
You hit the dart slug but do no damage. The hobgoblin hits you.
* * * LOW HITPOINT WARNING * * *
The frilled lizard closely misses you. The kobold hits you with a +0 dagger.
* * * LOW HITPOINT WARNING * * *
The endoplasm hits you.
* * * LOW HITPOINT WARNING * * *
😱 HP[-10]
You take 10 damage, and now have 1/18 hp.
MASSIVE DAMAGE!! (PAUSE) Unknown command.
Unknown command.
Unknown command.
The ball python hisses angrily.
You hit the dart slug. The frilled lizard bites you.
You die...

Action                   || total
-------------------------++-------
Melee: Unarmed           ||    10
Armor: Animal skin       ||     3
Dodge: Dodged            ||     8

Levels and vault maps discovered:
D:1:      dpeg_arrival_stone_temple_mockup, layout_rooms, serial_shops,
          shop_fountains, shop, shop_fountains, serial_forest,
          infiniplex_forest_lined_3, infiniplex_forest_zigzag_2,
          infiniplex_forest_zigzag_1, infiniplex_forest_straight_5,
          infiniplex_forest_lined_2, infiniplex_forest_clump_diagonal,
          minmay_misc_feat_doors, corexii_leaking_fountain

Notes
Turn   | Place    | Note
-------+----------+-------------------------------------------
     0 | D:1      | spaghetti the Mummy Berserker began the quest for the Orb.
     0 | D:1      | Reached XP level 1. HP: 18/18 MP: 1/1
     0 | D:1      | magus.rc [v1.9.6]
    13 | D:1      | You pick up a book of Minor Magic {forbidden} and begin
                  | reading...
    13 | D:1      | You add the spells Magic Dart, Call Imp and Mephitic Cloud
                  | to your library.
    59 | D:1      | HP: 4/18 [kobold/+0 dagger (2)]
    59 | D:1      | HP: 1/18 [endoplasm (3)]
    60 | D:1      | Slain by a frilled lizard

Vanquished Creatures
  A giant cockroach (D:1)
1 creature vanquished.

Table legend:
 A = Non-vault XP
 B = Vault XP
 C = Vault XP percentage of total XP
 D = Non-vault monster count
 E = Vault monster count
 F = Vault count percentage of total count
                 A         B        C        D         E       F
            +---------+---------+-------+---------+---------+-------
      Total |       2 |       0 |   0.0 |       1 |       0 |   0.0
            +---------+---------+-------+---------+---------+-------
        D:1 |       2 |       0 |   0.0 |       1 |       0 |   0.0
            +---------+---------+-------+---------+---------+-------

Illustrated notes

Table legend:
 A = Kills in this place as a percentage of kills in entire the game.
 B = Kills by you in this place as a percentage of kills by you in the entire game.
 C = Kills by friends in this place as a percentage of kills by friends in the entire game.
 D = Other kills in this place as a percentage of other kills in the entire game.
 E = Experience gained in this place as a percentage of experience gained in the entire game.
 F = Experience gained in this place divided by the number of levels of this place that you have seen.
                   A       B       C       D       E      F
               +-------+-------+-------+-------+-------+----------------------
         Total | 100.0 | 100.0 |   N/A |   N/A | 100.0 |   2.0
       Dungeon | 100.0 | 100.0 |   N/A |   N/A | 100.0 |   2.0
               +-------+-------+-------+-------+-------+----------------------

Table legend: (Time is in decaauts)
 A = Elapsed time spent in this place.
 B = Non-inter-level travel time spent in this place.
 C = Inter-level travel time spent in this place.
 D = Time resting spent in this place.
 E = Time spent auto-exploring this place.
 F = Levels seen in this place.
 G = Mean time per level.
                   A        B        C        D        E       F      G
               +--------+--------+--------+--------+--------+-----+--------+
         Total |     59 |     59 |      0 |      0 |     38 |   1 |   59.0 |
       Dungeon |     59 |     59 |      0 |      0 |     38 |   1 |   59.0 |
               +--------+--------+--------+--------+--------+-----+--------+

Top non-repeatable levels by time:
     D:1: 59 daAuts
